Map: Data-C

Players

RiSky - Winner!

  • Race: Zerg Zerg
  • Spawn Location: 9:00

Seither

  • Race: Terran Terran
  • Spawn Location: 3:00

Event: DreamHack SC2 Masters 2022 Atlanta (Online)

VOD

Have the link to the VOD?

Description

Time

  • Played on: Sept. 29, 2022, 4:36 a.m.
  • Length: 26:12

All games in this series

Show
View Real Time Build Order
Export as new Build Order

RiSky Zerg - Winner!

Build Orders: Hatch First 

Get SALT Encoding   

  12  0:00  Drone  
  13  0:12  Overlord  
  13  0:17  Drone  
  14  0:30  Drone  
  14  0:31  Drone  
  16  0:48  Hatchery  
  15  0:51  Drone  
  15  0:54  Drone  
  17  0:57  Drone  
  18  1:09  Extractor  
  17  1:13  Spawning Pool  
  17  1:16  Drone  
  17  1:20  Drone  
  18  1:28  Drone  
  19  1:38  Drone  
  20  1:48  Overlord  
  20  2:00  Queen x2  
  20  2:01  Zergling x4  
  26  2:10  Drone  
  26  2:11  Drone  
  28  2:16  Metabolic Boost  
  28  2:21  Drone x2  
  30  2:37  Hatchery  
  30  2:40  Drone  
  29  2:44  Queen  
  29  2:49  Overlord  
  31  2:52  Drone  
  31  2:54  Drone  
  31  2:57  Drone  
  34  2:59  Drone  
  35  3:09  Drone  
  35  3:10  Drone x2  
  38  3:15  Drone  
  38  3:18  Drone  
  38  3:19  Overlord  
  40  3:20  Drone  
  40  3:22  Queen  
  40  3:25  Overlord  
  43  3:36  Queen  
  43  3:37  Drone  
  43  3:39  Drone  
  43  3:40  Drone  
  48  3:42  Drone x2  
  48  3:43  Drone  
  51  3:50  Drone x2  
  51  3:52  Drone  
  51  3:54  Overlord  
  54  3:56  Zergling x2, Queen  
  54  4:02  Drone  
  58  4:04  Drone x2  
  58  4:05  Drone  
  58  4:09  Queen  
  63  4:10  Drone  
  63  4:11  Overlord  
  63  4:16  Overlord  
  64  4:20  Baneling Nest  
  64  4:21  Drone x2  
  65  4:25  Overlord  
  65  4:28  Overlord  
  65  4:30  Drone x3  
  65  4:31  Drone  
  69  4:34  Lair  
  69  4:36  Zergling x4  
  71  4:40  Drone x3  
  71  4:42  Drone, Extractor  
  74  4:45  Queen  
  74  4:49  Overlord  
  74  4:51  Queen  
  78  4:58  Drone x3, Overlord  
  78  4:59  Drone  
  82  5:00  Drone x2  
  82  5:05  Spore Crawler x2, Extractor  
  82  5:06  Spore Crawler  
  80  5:07  Drone  
  80  5:10  Zergling x4  
  83  5:15  Extractor x2  
  83  5:16  Zergling x6  
  83  5:17  Overlord  
  84  5:23  Zergling x4  
  84  5:24  Queen, Drone x2  
  84  5:27  Overlord  
  90  5:33  Hatchery  
  90  5:34  Drone  
  90  5:36  Drone  
  90  5:38  Drone x2  
  90  5:40  Drone  
  90  5:41  Drone  
  95  5:49  Drone x3  
  98  5:50  Overseer  
  98  5:53  Drone, Centrifugal Hooks  
  99  5:57  Evolution Chamber  
  99  5:58  Evolution Chamber  
  99  5:59  Baneling x4  
  99  6:00  Zergling x4, Baneling x2  
  99  6:03  Zergling x6  
  102  6:07  Drone  
  103  6:11  Zergling x10  
  103  6:12  Zergling x2  
  103  6:16  Zergling x2  
  110  6:21  Zergling x6  
  113  6:29  Zerg Melee Weapons Level 1  
  113  6:30  Zerg Ground Armor Level 1  
  113  6:31  Overlord  
  113  6:34  Overlord  
  113  6:36  Drone  
  113  6:37  Drone x3  
  116  6:40  Drone  
  116  6:41  Hydralisk Den  
  116  6:42  Drone x5  
  116  6:45  Overlord x2  
  121  6:51  Baneling x10  
  121  6:52  Overlord  
  121  6:56  Drone  
  121  6:57  Drone x2  
  124  7:06  Drone x3  
  126  7:11  Drone x2  
  126  7:12  Muscular Augments  
  126  7:13  Drone, Hatchery  
  128  7:24  Hydralisk x8  
  128  7:27  Hydralisk x2  
  142  7:34  Hydralisk  
  142  7:36  Infestation Pit  
  143  7:37  Extractor  
  143  7:38  Extractor  
  143  7:43  Drone  
  143  7:44  Drone x12  
  154  7:51  Zergling x2  
  154  7:52  Zergling x4  
  154  7:55  Overlord  
  156  8:00  Zergling x2  
  156  8:03  Zergling x6  
  160  8:13  Zergling x16  
  160  8:16  Zergling x4  
  170  8:23  Grooved Spines  
  170  8:27  Zergling x16  
  170  8:32  Hive  
  178  8:34  Zerg Melee Weapons Level 2, Zerg Ground Armor Level 2  
  178  8:36  Zergling x4  
  180  8:42  Overlord x2  
  180  8:43  Zergling x2  
  180  8:44  Zergling x2  
  180  8:45  Overlord  
  180  8:46  Overlord x2  
  182  8:55  Pneumatized Carapace  
  182  9:02  Zergling x16  
  190  9:06  Overlord  
  187  9:14  Drone x2  
  187  9:26  Zergling x26  
  187  9:28  Hatchery  
  187  9:31  Zergling x2  
  200  9:36  Zergling x6  
  197  9:52  Drone x3  
  191  10:01  Hatchery  
  191  10:04  Spore Crawler  
  191  10:05  Spore Crawler  
  188  10:07  Drone x4  
  188  10:08  Extractor x2  
  189  10:24  Overseer  
  189  10:25  Overseer x2  
  187  10:31  Queen  
  187  10:33  Viper  
  187  10:34  Viper x2  
  193  10:41  Zergling x14  
  198  11:01  Zerg Ground Armor Level 3, Spore Crawler x2, Zerg Missile Weapons Level 1  
  198  11:03  Zergling x2, Baneling x19  
  198  11:04  Zergling x6  
  197  11:14  Adrenal Glands  
  195  11:20  Zergling x8  
  195  11:25  Lurker Den  
  198  11:31  Spore Crawler  
  198  11:32  Spore Crawler  
  196  11:33  Spore Crawler  
  196  11:37  Drone x4  
  159  12:00  Zergling x2  
  159  12:01  Zergling x46  
  165  12:02  Extractor  
  165  12:04  Hydralisk, Extractor  
  165  12:09  Zergling x2  
  165  12:10  Zergling x4  
  165  12:14  Zergling x10  
  173  12:22  Zergling x2  
  174  12:28  Zergling x10, Spore Crawler  
  174  12:29  Spore Crawler x2  
  176  12:37  Drone x6  
  176  12:38  Drone  
  183  12:48  Drone x4  
  183  12:49  Drone  
  183  12:50  Hatchery  
  186  12:51  Zergling x10  
  186  12:52  Zergling x8  
  186  12:57  Hatchery  
  189  13:09  Hydralisk  
  189  13:10  Hydralisk x4  
  199  13:17  Zergling x6  
  200  13:23  Zergling x4  
  193  13:39  Baneling x7  
  193  13:40  Baneling x17  
  193  13:41  Drone x7  
  200  13:48  Baneling x9  
  200  13:58  Overseer  
  196  14:12  Overseer  
  167  14:19  Zergling x34  
  167  14:20  Zergling x20  
  167  14:22  Zergling x2  
  174  14:28  Zergling x14  
  179  14:38  Zergling x24  
  179  14:41  Baneling x38  
  179  14:42  Zergling x2  
  179  14:43  Zergling x8  
  179  14:44  Zerg Missile Weapons Level 2  
  179  14:45  Zerg Melee Weapons Level 3  
  195  14:48  Zergling x6  
  195  14:52  Zergling x2  
  198  15:07  Zergling x2  
  198  15:08  Zergling x2  
  200  15:27  Viper x3  
  197  15:40  Baneling x17  
  197  15:44  Overseer x4  
  197  15:47  Zergling x12  
  189  15:50  Zergling x28  
  189  15:52  Zergling x14  
  189  15:54  Zergling x14  
  194  16:00  Zergling x14  
  199  16:23  Baneling x8  
  199  16:24  Baneling x23  
  199  16:34  Unknown  
  199  16:39  Overseer  
  188  16:46  Zergling x52  
  191  16:54  Zergling x4  
  191  16:55  Zergling x8  
  191  17:00  Zergling x8  
  200  17:01  Hatchery  
  200  17:03  Burrow  
  196  17:10  Zergling x6  
  194  17:41  Zergling x38  
  199  17:48  Zergling x6  
  197  18:04  Overseer x5  
  197  18:09  Zergling x4  
  199  18:25  Zergling x2  
  199  18:26  Zergling x26  
  197  18:28  Zergling x10  
  197  18:32  Zergling x20  
  199  18:39  Zergling x8  
  199  18:41  Baneling x34  
  200  18:52  Baneling x30  
  200  18:58  Spine Crawler x3  
  200  19:00  Spine Crawler x2  
  195  19:06  Zergling x2  
  195  19:07  Zergling x12  
  194  19:15  Zergling x24  
  177  19:31  Zergling x30  
  177  19:32  Zergling x8  
  177  19:34  Zergling x6  
  171  19:41  Zergling x8  
  175  19:45  Zergling x8  
  175  19:47  Baneling x20  
  175  19:48  Baneling x4  
  175  19:51  Zergling x2  
  175  19:52  Zergling x12  
  182  19:56  Zergling x4  
  182  19:57  Zergling x12  
  187  20:02  Pathogen Glands, Seismic Spines  
  187  20:04  Zergling x2  
  187  20:05  Zergling x18  
  184  20:26  Zergling x36  
  195  20:29  Overlord x3  
  195  20:32  Overlord  
  195  20:39  Baneling x17  
  195  20:40  Baneling x6  
  194  20:58  Neural Parasite  
  194  21:00  Zergling x2, Adaptive Talons  
  194  21:01  Zergling x10  
  200  21:10  Zergling x2  
  195  21:35  Viper x2  
  200  21:58  Zergling x32  
  185  22:06  Zergling x44  
  199  22:12  Zergling x2  
  197  22:19  Zergling x4  
  199  22:37  Nydus Network  
  198  22:38  Nydus Network  
  158  23:11  Zergling x20  
  158  23:12  Zergling x40  
  148  23:20  Zergling x6  
  148  23:23  Hydralisk x4  
  148  23:24  Hydralisk x5  
  165  23:34  Hydralisk x6  
  165  23:38  Zergling x2  
  165  23:39  Zergling x4  
  175  23:48  Zergling x22  
  186  23:59  Lurker x13  
  199  24:07  Spore Crawler x2  
  199  24:08  Spore Crawler  
  196  24:16  Nydus Canal  
  196  24:17  Nydus Canal  
  196  24:18  Zergling x6  
  189  24:32  Hatchery  
  189  24:36  Zergling x64  
  170  24:41  Zergling x10  
  169  24:46  Hydralisk x2  
  169  24:51  Hydralisk x6  
  169  24:52  Hydralisk  
  183  24:54  Overseer  
  183  24:56  Overseer x4  
  183  24:58  Hydralisk x6, Overlord x3  
  194  25:08  Zergling x8  
  198  25:16  Overlord x5  
  198  25:21  Baneling x36  
  198  25:22  Baneling x38  
  198  25:35  Zergling x4  
  200  25:44  Overseer x2  
  196  25:52  Zergling x28  
  196  25:54  Zergling x12  
Show
View Real Time Build Order
Export as new Build Order

Seither Terran 

Build Orders: Reaper Expand 

Get SALT Encoding   

  12  0:00  SCV  
  13  0:12  SCV  
  14  0:17  Supply Depot  
  14  0:24  SCV  
  15  0:39  SCV  
  15  0:40  Barracks  
  16  0:46  Refinery  
  16  0:51  SCV  
  17  1:03  SCV  
  18  1:15  SCV  
  19  1:28  Reaper, Orbital Command  
  20  1:40  Command Center  
  20  1:47  Supply Depot  
  20  1:54  SCV  
  20  2:00  Marine  
  22  2:07  SCV  
  23  2:11  Factory  
  23  2:19  SCV  
  23  2:22  Barracks Reactor  
  24  2:31  SCV  
  25  2:43  SCV  
  26  2:46  Command Center  
  26  2:55  SCV, Orbital Command  
  27  3:01  Starport  
  27  3:06  Refinery  
  27  3:08  SCV  
  28  3:14  Hellion  
  28  3:19  Hellion  
  32  3:20  Barracks Tech Lab  
  32  3:22  SCV  
  32  3:24  SCV  
  34  3:34  SCV  
  34  3:36  SCV  
  34  3:38  Viking  
  38  3:43  Hellion x2  
  38  3:46  SCV  
  43  3:48  SCV  
  43  3:52  Marauder  
  46  3:58  SCV  
  46  4:01  SCV  
  46  4:02  Supply Depot  
  48  4:03  Orbital Command  
  51  4:20  Hellion x2  
  51  4:23  SCV x2  
  53  4:25  Supply Depot, Stimpack  
  53  4:29  Orbital Command  
  53  4:31  Starport Reactor  
  53  4:32  Barracks  
  53  4:34  Barracks  
  53  4:37  SCV x2  
  55  4:44  Hellion  
  55  4:45  Hellion  
  59  4:50  Engineering Bay  
  59  4:51  Engineering Bay  
  59  4:52  Supply Depot  
  59  4:53  SCV x2  
  61  5:02  Marine  
  61  5:03  SCV  
  61  5:05  SCV  
  64  5:12  Barracks  
  64  5:15  Barracks  
  64  5:17  Factory Reactor  
  64  5:18  Terran Infantry Armor Level 1, Terran Infantry Weapons Level 1  
  64  5:19  SCV x2, Starport Reactor  
  64  5:21  SCV  
  67  5:23  Refinery  
  67  5:24  Refinery  
  67  5:25  Supply Depot  
  67  5:38  Marine x5  
  67  5:40  SCV x2  
  74  5:48  Supply Depot  
  74  5:51  Supply Depot, SCV  
  74  5:52  SCV  
  74  5:53  SCV  
  74  5:56  Marine x3  
  80  5:59  Supply Depot, Medivac x2  
  84  6:05  Marine x2  
  84  6:06  Marine  
  84  6:08  SCV x3, Combat Shield  
  84  6:11  Barracks Reactor, Factory Tech Lab  
  90  6:20  Supply Depot, Marine x3  
  90  6:21  Marine  
  90  6:22  Supply Depot  
  90  6:23  Marine x2  
  96  6:26  SCV x3  
  96  6:29  Marine  
  100  6:34  Siege Tank  
  100  6:38  SCV x2, Marine x3  
  100  6:39  SCV  
  109  6:44  Supply Depot  
  109  6:48  Armory  
  109  6:51  Supply Depot  
  109  6:55  Medivac x2  
  109  6:56  Marine x4  
  109  6:59  SCV, Refinery  
  109  7:00  SCV  
  119  7:08  Supply Depot  
  119  7:10  Siege Tank  
  119  7:15  Supply Depot, Marine  
  120  7:16  Marine x6  
  120  7:17  SCV x2  
  120  7:18  SCV  
  127  7:32  Marine x2  
  127  7:33  Marine  
  130  7:37  Command Center  
  130  7:45  Supply Depot, SCV  
  130  7:46  SCV x2  
  130  7:49  Siege Tank  
  130  7:50  Refinery  
  136  7:53  Terran Infantry Weapons Level 2  
  136  7:54  Terran Infantry Armor Level 2, Marine x4  
  136  7:55  Terran Vehicle Weapons Level 1  
  136  7:58  SCV  
  141  8:01  SCV x2  
  141  8:04  Medivac x2  
  141  8:05  Supply Depot  
  147  8:10  SCV  
  147  8:11  Marine x2  
  147  8:12  Marine  
  151  8:18  Factory  
  151  8:23  Supply Depot  
  149  8:27  Marine  
  149  8:28  Siege Tank, Marine x2  
  149  8:31  Supply Depot  
  155  8:37  Barracks x2  
  155  8:38  Barracks, Marine  
  155  8:39  Marine x3  
  155  8:40  Medivac x2  
  163  8:49  Supply Depot, SCV x2  
  163  8:50  SCV  
  163  8:54  Supply Depot  
  166  9:00  Command Center  
  166  9:03  Factory Tech Lab, Siege Tank  
  154  9:18  Marine x9  
  154  9:21  Medivac x2  
  154  9:24  Planetary Fortress  
  167  9:28  Barracks Tech Lab x3  
  167  9:30  Siege Tank  
  170  9:35  Siege Tank  
  170  9:36  Marine  
  172  9:49  Marauder x4, Marine x2  
  172  9:52  Ghost Academy  
  182  9:58  Terran Vehicle Weapons Level 2  
  181  10:02  Factory  
  181  10:03  SCV  
  181  10:04  SCV x3  
  185  10:07  Siege Tank  
  185  10:11  Siege Tank  
  185  10:12  Marauder x2  
  195  10:16  SCV  
  195  10:25  Planetary Fortress  
  195  10:26  Command Center  
  187  10:36  Terran Infantry Weapons Level 3  
  187  10:39  Siege Tank  
  187  10:41  Bunker  
  187  10:42  Missile Turret  
  190  10:43  Refinery, Missile Turret, SCV x3  
  190  10:44  Command Center, Refinery  
  190  10:47  Factory Tech Lab  
  192  10:58  Terran Infantry Armor Level 3  
  192  11:00  Marine  
  192  11:01  Marauder x2, Marine  
  191  11:19  Command Center  
  191  11:20  Sensor Tower, Siege Tank x2  
  197  11:41  Ghost  
  199  11:52  Siege Tank  
  199  11:53  Ghost  
  199  11:54  Ghost x2  
  173  11:58  Siege Tank  
  173  11:59  Orbital Command x2  
  174  12:03  Marine x4  
  174  12:04  Marine x3  
  174  12:07  Siege Tank  
  182  12:10  Ghost  
  182  12:11  Concussive Shells  
  184  12:30  Ghost x2  
  184  12:31  Command Center, Ghost  
  184  12:32  Command Center  
  184  12:33  Command Center  
  190  12:44  Siege Tank x2  
  196  13:03  Ghost  
  196  13:04  Ghost x2  
  198  13:08  Medivac  
  198  13:09  Medivac  
  198  13:11  Planetary Fortress  
  196  13:12  Refinery  
  196  13:16  Command Center  
  196  13:18  Refinery  
  196  13:26  Missile Turret  
  193  13:27  Missile Turret  
  193  13:29  Sensor Tower  
  193  13:32  Ghost x3  
  188  13:39  Armory  
  188  13:41  Terran Vehicle And Ship Armor Level 1  
  188  13:46  Orbital Command, Planetary Fortress  
  188  13:51  Missile Turret  
  188  13:54  Sensor Tower  
  188  13:59  Ghost  
  188  14:00  Ghost  
  192  14:13  Personal Cloaking  
  153  14:28  Siege Tank x3  
  153  14:30  Ghost x2  
  153  14:31  Marine x5  
  164  14:32  Marine x4  
  164  14:33  Orbital Command  
  164  14:35  Orbital Command  
  171  14:40  Command Center  
  171  14:47  Command Center  
  171  14:55  Orbital Command  
  171  14:56  Refinery  
  171  15:00  Siege Tank x2  
  171  15:04  Siege Tank  
  171  15:05  SCV x3  
  183  15:10  Sensor Tower  
  183  15:18  Ghost x2  
  184  15:29  Ghost  
  184  15:30  Ghost  
  184  15:32  Siege Tank x2  
  191  15:36  Siege Tank  
  194  15:47  Orbital Command  
  188  15:53  Ghost x2  
  175  15:58  Ghost  
  180  16:04  Siege Tank  
  180  16:09  Thor  
  186  16:19  Refinery  
  186  16:20  Sensor Tower  
  186  16:21  Missile Turret  
  186  16:25  Thor  
  186  16:28  Factory  
  187  16:40  Unknown, Orbital Command  
  169  16:52  Siege Tank x2  
  167  17:04  Orbital Command  
  167  17:09  Siege Tank  
  167  17:13  Factory Tech Lab  
  167  17:14  Marine x2, Ghost x2  
  167  17:15  Marine x2  
  178  17:19  Refinery  
  178  17:20  Command Center  
  178  17:24  Siege Tank  
  178  17:29  Factory Tech Lab  
  181  17:33  Thor  
  187  17:41  Siege Tank  
  187  17:44  Supply Depot  
  187  17:45  Supply Depot  
  181  17:54  Command Center, Planetary Fortress  
  181  17:56  Thor  
  187  18:04  Ghost  
  192  18:08  Sensor Tower  
  192  18:09  Missile Turret  
  195  18:21  SCV x3  
  195  18:22  SCV x3  
  185  18:28  Thor  
  185  18:32  Orbital Command  
  177  18:39  Thor  
  177  18:40  Command Center, Orbital Command  
  183  18:42  Command Center  
  179  19:10  Thor  
  179  19:11  Orbital Command  
  177  19:21  Thor  
  155  19:53  Thor, SCV x4  
  155  19:54  SCV x2  
  155  19:56  Factory  
  155  19:58  Factory  
  167  20:01  Marauder x2  
  167  20:02  Marauder x2, Marine x6  
  167  20:04  Siege Tank  
  175  20:17  Marine x2  
  175  20:19  Marine x2  
  168  20:23  Marauder x4  
  176  20:34  Orbital Command  
  176  20:35  Orbital Command  
  176  20:36  Siege Tank  
  176  20:37  Siege Tank  
  176  20:40  Factory Tech Lab  
  176  20:41  Factory Tech Lab  
  182  20:44  Marauder  
  184  20:56  Orbital Command x2  
  184  21:01  Siege Tank x2  
  190  21:08  Siege Tank  
  190  21:09  Medivac x2, Siege Tank  
  197  21:18  Orbital Command  
  197  21:21  Command Center  
  197  21:40  Siege Tank  
  198  22:00  Siege Tank x2  
  157  22:09  Siege Tank  
  157  22:11  Marine x2  
  157  22:13  Siege Tank  
  165  22:32  Siege Tank  
  167  22:41  Siege Tank  
  166  22:45  Siege Tank  
  166  22:46  Orbital Command  
  166  22:50  Orbital Command  
  169  22:55  Marine  
  169  22:56  Marauder x2, Marine x5  
  181  23:03  Engineering Bay  
  169  23:13  Marine x2  
  169  23:14  Siege Tank  
  169  23:15  Engineering Bay  
  169  23:17  Siege Tank  
  151  23:25  Marine x5  
  153  23:35  Barracks  
  153  23:37  Barracks  
  153  23:41  Factory Tech Lab x2  
  153  23:44  Barracks  
  153  23:46  Siege Tank  
  156  23:49  Siege Tank  
  159  23:58  Barracks Tech Lab  
  159  24:08  Siege Tank x2  
  165  24:18  Siege Tank  
  165  24:21  Siege Tank  
  171  24:28  Barracks Tech Lab x2  
  118  24:50  Siege Tank  
  116  24:53  Siege Tank  
  116  24:59  Missile Turret  
  119  25:01  Factory Tech Lab  
  119  25:09  Barracks Tech Lab  
  119  25:15  Orbital Command x2  
  119  25:18  Siege Tank  
  122  25:22  Siege Tank  
  122  25:25  Siege Tank  
  126  25:33  Barracks Tech Lab x2  
  118  25:37  Barracks Tech Lab, Starport Reactor  
  118  25:40  Barracks Tech Lab  
Tags
 
Add a new tag
Caveats
  • Supply blocks, unpowered buildings, or Contaminate may cause inaccurate times.
  • Supply counts are checked every 10 seconds.